 Dungeon Crawl Stone Soup version 0.26.0-10-g1f06aea511 (webtiles) character file.

Game seed: 11949071184589620636

105 Borgoz the Skirmisher (level 4, -6/29 HPs)
             Began as a Gargoyle Berserker on Jan 18, 2021.
             Was a Believer of Trog.
             Mangled by a goblin
             ... wielding a +0 dagger
             ... led by Robin
              (7 damage)
             ... on level 3 of the Dungeon.
             The game lasted 00:01:45 (2068 turns).

Borgoz the Skirmisher (Gargoyle Berserker)          Turns: 2068, Time: 00:01:45

Health: -6/29      AC:  5    Str: 20    XL:     4   Next: 83%
Magic:  4/4        EV: 11    Int:  8    God:    Trog [**....]
Gold:   125        SH:  3    Dex: 10    Spells: 3/3 levels left

rFire    . . .     SeeInvis .   o - +0 flail
rCold    . . .     Faith    .   i - +0 buckler
rNeg     + . .     Spirit   .   b - +0 animal skin
rPois    ∞         Reflect  .   (no helmet)
rElec    +         Harm     .   (no cloak)
rCorr    .         Rampage  .   (no gloves)
Will     .....                  (no boots)
Stlth    +.........             (no amulet)
HPRegen  0.09/turn              (no ring)
MPRegen  0.09/turn              (no ring)

@: berserk cooldown, slowed, very slow
A: negative energy resistance 1, electricity resistance, unbreathing,
petrification resistance, miasma immunity, AC +3
a: Renounce Religion, Berserk, Trog's Hand


You were on level 3 of the Dungeon.
You worshipped Trog.
Trog was pleased with you.
You visited 1 branch of the dungeon, and saw 3 of its levels.

You collected 125 gold pieces.

Inventory:

Hand Weapons
 o - a +0 flail (weapon)
Armour
 b - a +0 animal skin (worn)
 i - a +0 buckler (worn)
Scrolls
 d - a scroll of enchant armour {unknown}
 e - 2 scrolls of remove curse {unknown}
 f - a scroll of fog {unknown}
 g - 2 scrolls of identify {unknown}
 j - 2 scrolls of amnesia {unknown}
 k - 4 scrolls of teleportation {unknown}
 n - a scroll of enchant weapon {unknown}
Potions
 a - a potion of haste {unknown}
 c - 3 potions of heal wounds {unknown}
 h - 2 potions of resistance
 l - a potion of flight {unknown}
 m - a potion of invisibility {unknown}
 p - 4 potions of ambrosia {unknown}


   Skills:
 + Level 4.1 Fighting
 + Level 3.7 Maces & Flails
 + Level 3.2 Armour
 + Level 2.3 Dodging


You had 3 spell levels left.
You didn't know any spells.
Your spell library was empty.

Dungeon Overview and Level Annotations

Branches:
Dungeon (3/15)

Altars:

Annotations:
D:3 Robin


Innate Abilities, Weirdness & Mutations

You are resistant to torment.
Your stone body is resilient. (AC +3)
You are immune to poison.
You resist negative energy. (rN+)
You are resistant to electric shocks. (rElec)
You can survive without breathing.
You are immune to petrification.
You are immune to miasma.


Message History

The goblin no longer looks unusually strong.
The goblin closely misses you. x2
Robin roars a battlecry!
The goblin goes into a battle-frenzy!
The goblin no longer looks unusually strong.
Robin throws the goblin at you! The goblin hits you but does no damage.
The goblin barely misses you. The goblin misses you.
The goblin hits you with a +0 dagger.
* * * LOW HITPOINT WARNING * * *
Robin roars a battlecry!
The goblin goes into a battle-frenzy!
You thump the goblin!
You kill the goblin!
Trog accepts your kill.
The goblin no longer looks unusually strong. x2
The hobgoblin no longer looks unusually strong.
The goblin hits you with a +0 dagger.
* * * LOW HITPOINT WARNING * * *
The goblin hits you with a +0 dagger!
You die...

........... .....$.# #
#)..#.##.#.#.## .#. #.#.
#g................ #.#.#
#.)#.##.....###.#. .....
#go#.##........... #...
#gg#..#...........
#...####gg##.#.........#
#.......@g.............#
#.....#..)[.......[†##.##
#.#####.#........##.#......
#.......#...........#..#.##
...................##.#..#.##
###.........)#..#####.#......
#.#######..#..# #.#....## #
#....... ..#.....# #........
..##..<.#


You could see Robin, an orc, a hobgoblin and 5 goblins.

Vanquished Creatures
  3 gnolls (D:2)
  An adder (D:2)
  2 dart slugs
  3 leopard geckos
  4 orcs (D:3)
  6 bats
  3 giant cockroaches
  5 hobgoblins
  A quokka (D:2)
  A ball python (D:2)
  2 frilled lizards
  12 goblins
  4 kobolds
  10 rats
57 creatures vanquished.

Notes
Turn   | Place    | Note
-------+----------+-------------------------------------------
     0 | D:1      | Borgoz the Gargoyle Berserker began the quest for the Orb.
     0 | D:1      | Reached XP level 1. HP: 14/14 MP: 1/1
   129 | D:1      | Reached XP level 2. HP: 16/19 MP: 2/2
   357 | D:1      | Reached XP level 3. HP: 23/23 MP: 3/3
  1123 | D:2      | Reached ** piety under Trog
  1124 | D:2      | Reached XP level 4. HP: 29/29 MP: 4/4
  1127 | D:2      | Reached skill level 4 in Fighting
  2043 | D:3      | Noticed Robin
  2068 | D:3      | HP: 1/29 [goblin/+0 dagger[Robin] (4)]
  2068 | D:3      | Mangled by a goblin

Illustrated notes

Levels and vault maps discovered:
D:1:      zelgadis_glass_arrival_small, layout_rooms
D:2:      layout_basic
D:3:      layout_basic, corexii_hall_statues_deadend, minmay_misc_feat_enclosed,
          uniq_robin, uniq_grinder

Skill      XL: |  1  2  3  4 |
---------------+-------------+-----
Dodging        | 2 |  2.3
Armour         | 3 |  3.2
Fighting       | 4 |  4.1
Maces & Flails | |  3.7

Action                   |  1- 3 |  4- 6 || total
-------------------------+-------+-------++-------
Melee: Mace              |   116 |     9 ||   125
       Flail             |       |    47 ||    47
Invok: Berserk           |     1 |     1 ||     2
 Stab: Sleeping          |     2 |       ||     2
Armor: Animal skin       |    49 |    33 ||    82
Dodge: Dodged            |    88 |    55 ||   143
Block: Buckler           |    15 |    13 ||    28
